 Dungeon Crawl Stone Soup version 0.28-a0-793-g31680bbd8b (webtiles) character file.

Game seed: 11853079114956063418

167021 dolemite99 the Severer (level 17, 0/136 HPs)
             Began as a Minotaur Fighter on Nov 2, 2021.
             Was a High Priest of Hepliaklqana.
             Constricted to death by a naga warrior (5 damage)
             ... on level 3 of the Snake Pit on Nov 4, 2021.
             The game lasted 00:59:48 (39911 turns).

dolemite99 the Severer (Minotaur Fighter)          Turns: 39911, Time: 00:59:49

Health: 0/136      AC: 26    Str: 28    XL:     17   Next: 30%
Magic:  20/24      EV:  6    Int:  7    God:    Hepliaklqana [*****.]
Gold:   169        SH:  0    Dex: 10    Spells: 16/16 levels left

rFire   + + +      SeeInvis .   a - +5 battleaxe (vamp)
rCold   + . .      Faith    .   (shield currently unavailable)
rNeg    . . .      Spirit   .   R - +0 gold dragon scales
rPois   +          Reflect  .   V - +0 hat
rElec   .          Harm     .   O - scarf {rC+ rF+}
rCorr   .          Rampage  .   K - +1 pair of gloves of Starshine {rF+ Regen+ Int+2}
Will    +....                   F - +2 pair of boots
Stlth   ..........              t - amulet of regeneration
HPRegen 2.32/turn               j - ring of flight
MPRegen 0.19/turn               m - ring of fire

@: lethally poisoned (0 -> 0), flying, constricted
A: reduced essence, horns 2, retaliatory headbutt
a: Renounce Religion, Recall Ancestor, Ancestor Identity, Transference, Idealise


You were on level 3 of the Snake Pit.
You worshipped Hepliaklqana.
Hepliaklqana was extremely pleased with you.
You visited 5 branches of the dungeon, and saw 27 of its levels.

You collected 2186 gold pieces.
You spent 2002 gold pieces at shops.
You donated 15 gold pieces to Zin.

Inventory:

Hand Weapons
 a - a +5 vampiric battleaxe (weapon)
 b - a +0 longbow
 w - a +4 dire flail of freezing
 P - a +3 shortbow
Missiles
 r - a throwing net (quivered)
 x - 709 arrows
Armour
 F - a +2 pair of boots (worn)
 K - the +1 pair of gloves of Starshine (worn) {rF+ Regen+ Int+2}
   (You acquired it on level 14 of the Dungeon)

   Int:       It affects your intelligence (+2).
   rF:        It protects you from fire.
   Regen:     It increases your rate of health regeneration.
 O - a scarf of resistance (worn)
 R - +0 gold dragon scales (worn)
 V - a +0 hat (worn)
Magical Staves
 Q - a staff of poison
Jewellery
 c - a ring of protection from fire
 d - a ring of protection from cold
 e - a ring of poison resistance
 h - a +4 ring of protection
 j - a ring of flight (left hand)
 m - a ring of fire (right hand)
 t - an amulet of regeneration (around neck)
 E - a +6 ring of dexterity
Wands
 f - a wand of mindburst (12)
 g - a wand of polymorph (9)
 n - a wand of charming (12)
 u - a wand of flame (36)
 N - a wand of digging (29)
 W - a wand of iceblast (12)
Scrolls
 k - 2 scrolls of blinking
 p - 4 scrolls of amnesia
 q - 5 scrolls of teleportation
 y - 2 scrolls of magic mapping
 G - 2 scrolls of holy word
 H - a scroll of fear
 M - a scroll of fog
 Z - 9 scrolls of identify {@r1}
Potions
 i - 16 potions of curing
 l - a potion of berserk rage
 o - a potion of magic
 s - 2 potions of heal wounds
 v - 5 potions of brilliance
 A - 5 potions of haste
 B - 3 potions of ambrosia
 C - 3 potions of flight
 D - 3 potions of attraction
 I - 2 potions of might
 J - 2 potions of invisibility
 L - 4 potions of cancellation
Miscellaneous
 z - a lightning rod (3/4)


   Skills:
 - Level 14.0 Fighting
 - Level 18.6(19.8) Axes
 - Level 11.7(16.5) Maces & Flails
 - Level 13.5 Bows
 + Level 15.0 Armour
 - Level 12.1 Dodging
 - Level 3.6 Shields
 + Level 10.7 Invocations
 - Level 6.4 Evocations


You had 16 spell levels left.
You didn't know any spells.
Your spell library contained the following spells:

 Spells                   Type           Power      Damage    Failure   Level
 Animate Skeleton         Necr           0%         N/A       100%        1
 Apportation              Tloc           0%         N/A       100%        1
 Foxfire                  Conj/Fire      0%         2x1d4     100%        1
 Slow                     Hex            0%         N/A       100%        1
 Sting                    Tmut/Pois      0%         1d3       100%        1
 Summon Small Mammal      Summ           0%         N/A       100%        1
 Poisonous Vapours        Pois/Air       0%         N/A       100%        2
 Sublimation of Blood     Necr           0%         N/A       100%        2
 Confusing Touch          Hex            0%         N/A       100%        3
 Conjure Flame            Conj/Fire      0%         6-21      100%        3
 Gell's Gravitas          Tloc           0%         N/A       100%        3
 Inner Flame              Hex/Fire       0%         N/A       100%        3
 Lesser Beckoning         Tloc           0%         N/A       100%        3
 Portal Projectile        Hex/Tloc       0%         N/A       100%        3
 Spider Form              Tmut/Pois      0%         N/A       100%        3
 Teleport Other           Tloc           0%         N/A       100%        3
 Cause Fear               Hex            0%         N/A       100%        4
 Flame Wave               Conj/Fire      0%         3d3       100%        4
 Leda's Liquefaction      Hex/Erth       0%         N/A       100%        4
 Olgreb's Toxic Radiance  Pois           0%         N/A       100%        4
 Petrify                  Tmut/Erth      0%         N/A       100%        4
 Blade Hands              Tmut           0%         N/A       100%        5
 Excruciating Wounds      Necr           0%         N/A       100%        5
 Fireball                 Conj/Fire      0%         3d3       100%        5
 Freezing Cloud           Conj/Ice/Air   0%         6-21      100%        5
 Irradiate                Conj/Tmut      0%         3d14      100%        5
 Iskenderun's Battlesphe  Conj           0%         2d6       100%        5
 Lee's Rapid Deconstruct  Erth           0%         3d5*      100%        5
 Yara's Violent Unravell  Hex/Tmut       0%         3d3       100%        5
 Conjure Ball Lightning   Conj/Air       0%         3x3d6     100%        6
 Simulacrum               Ice/Necr       0%         N/A       100%        6
 Starburst                Conj/Fire      0%         6d3       100%        6
 Statue Form              Tmut/Erth      0%         N/A       100%        6
 Orb of Destruction       Conj           0%         N/A       100%        7
 Discord                  Hex            0%         N/A       100%        8
 Ignition                 Fire           0%         3d3       100%        8
 Polar Vortex             Ice            0%         N/A       100%        9


Dungeon Overview and Level Annotations

Branches:
Dungeon (15/15)            Temple (1/1) D:5            Lair (6/6) D:11
 Shoals (0/4) Lair:3        Snake (3/4) Lair:4        Slime (0/5) Lair:6
    Orc (2/2) D:10            Elf (0/3) Orc:2        Vaults (0/5) D:13
 Depths (0/4) D:15

Altars:
Ashenzari
Cheibriados
Dithmenos
Elyvilon
Fedhas
Gozag
Hepliaklqana
Kikubaaqudgha
Makhleb
Nemelex Xobeh
Okawaru
Qazlal
Ru
Sif Muna
Trog
Uskayaw
Vehumet
Wu Jian
Xom
Yredelemnul
Zin
The Shining One
Jiyva

Shops:
D:6 [   D:13 *   D:15 *!![!   Orc:2 =[*?(   Snake:1 =   Snake:2 :==

Portals:
Pandemonium: Orc:2


Innate Abilities, Weirdness & Mutations

Your life essence is reduced to manifest your ancestor. (-10% HP)
You have a pair of horns on your head.
You reflexively headbutt those who attack you in melee.


Message History

You hit the naga warrior.
You feel better.
You feel sick.
The naga warrior roars a battlecry!
The naga warrior goes into a battle-frenzy!
The naga warrior constricts you.
The naga warrior hits you with a +1 short sword of flaming!!
You slash the naga warrior!
The naga warrior is moderately wounded.
You slash the naga warrior!
You feel sick.
You closely miss the naga warrior. Your headbutt misses the naga warrior.
The naga warrior is moderately wounded.
You hit the naga warrior but do no damage.
You feel sick.
The naga warrior hits you but does no damage.
The naga warrior constricts you. The naga warrior spits poison at you.
The splash of poison hits you but does no damage.
You resist.
You open the naga warrior like a pillowcase!!!
The naga warrior is heavily wounded.
You barely miss the naga warrior.
You feel sick.
The naga warrior hits you with a +1 short sword of flaming!
* * * LOW HITPOINT WARNING * * *
The naga warrior burns you.
* * * LOW HITPOINT WARNING * * *
The naga warrior barely misses you. The naga warrior constricts you.
You slash the naga warrior! You headbutt the naga warrior!
The naga warrior is heavily wounded.
You closely miss the naga warrior.
You feel sick.
The naga warrior hits you but does no damage.
The naga warrior hits you with a +0 battleaxe!
* * * LOW HITPOINT WARNING * * *
The naga warrior constricts you.
* * * LOW HITPOINT WARNING * * *
You feel much better.
You feel sick.
The naga warrior hits you with a +1 short sword of flaming!!
* * * LOW HITPOINT WARNING * * *
The naga warrior spits poison at you.
The splash of poison hits you but does no damage.
You resist. The naga warrior constricts you.
You die...

#..### #.##..## #.<.
#.. #.....# #††. #.#
####..# ##.. #..##
### #))
#...#####.####.)
#....#......###)
#...........# #.
###...........# ##
######@....#########
# ......N)N..##
..........##
.......(..(#
.........(.#
.....###..() ...##
###)(( ... (.(.
#.... .


You could see 2 naga warriors.

Vanquished Creatures
  Vashnia (Snake:2)
  Saint Roka (Orc:2)
  Rupert (Snake:1)
  An ironbound preserver (D:13)
  A fire dragon (D:11)
  7 naga warriors
  3 boulder beetles
  A rakshasa (D:11)
  9 hydras
  A demonspawn (Orc:2)
  8 anacondas
  A death knight (D:12)
  5 centaur warriors
  2 two-headed ogres
  A tengu warrior (D:13)
  3 death yaks (Lair:3)
  A shock serpent (Snake:3)
  An orc high priest (Orc:2)
  A soul eater (Orc:2)
  5 naga sharpshooters
  Urug (D:13)
  3 skeletal warriors
  A goliath frog (Lair:6)
  A sea snake (shapeshifter) (D:14)
  5 naga ritualists
  3 orc knights (Orc:2)
  4 ugly things
  5 mana vipers
  A wolf spider (D:15)
  4 cyclopes
  3 manticores
  6 salamanders
  2 orc sorcerers (Orc:2)
  10 elephants
  Maurice (Orc:2)
  22 black mambas
  5 naga magi
  8 cane toads
  3 gargoyles
  An unseen horror (D:11)
  8 komodo dragons
  Psyche (D:10)
  3 rime drakes
  Maggie (D:10)
  A tengu conjurer (D:13)
  5 trolls
  A merfolk (Lair:3)
  A queen bee (D:11)
  A tyrant leech (Lair:6)
  10 blink frogs
  4 dream sheep (Lair:5)
  A wolf spider simulacrum (D:13)
  12 slime creatures
  A blink frog (shapeshifter) (D:12)
  A meliai zombie (D:10)
  3 flying skulls (D:10)
  4 shadows (D:10)
  A spriggan (shapeshifter) (D:14)
  4 wraiths
  2 vampires
  2 wyverns
  34 yaks
  A ynoxinul (Orc:2)
  2 hogs (D:13)
  7 basilisks
  A steam dragon (D:8)
  3 vampire mosquitoes (D:15)
  22 nagas
  An acid dragon (D:8)
  3 water moccasins
  3 sky beasts
  10 orc warriors (Orc:2)
  2 black bears
  3 ice beasts
  2 necrophages
  2 ogres
  10 centaurs
  4 wolves
  A phantom (D:6)
  10 bullfrogs
  2 scorpions
  2 wyvern zombies
  A water moccasin skeleton (D:6)
  2 water moccasin zombies
  15 killer bees
  12 wights
  4 howler monkeys
  3 electric eels
  5 centaur zombies
  A bullfrog zombie (D:5)
  A human zombie (D:5)
  4 jellies
  A bullfrog skeleton (D:7)
  15 orc priests
  4 hounds
  5 centaur skeletons
  6 iguanas
  Jessica (D:2)
  A scorpion zombie (D:5)
  10 orc wizards
  A killer bee zombie (D:5)
  A hound skeleton (D:4)
  2 mummies (D:5)
  2 howler monkey zombies (D:10)
  6 adders
  3 shadow imps
  An ufetubus (D:6)
  4 adder zombies
  An adder skeleton (D:3)
  A worm (D:4)
  2 dart slugs (D:1)
  39 orcs
  9 endoplasms
  3 giant cockroaches
  12 goblins
  7 hobgoblins
  6 kobolds
  A quokka (D:3)
  2 ball pythons
  5 bats
  3 frilled lizards
  A jackal skeleton (D:3)
  6 rats
544 creatures vanquished.

Vanquished Creatures (collateral kills)
  Kirke (D:13)
  A dire elephant (D:15)
  Josephine (Orc:2)
  2 naga warriors (Snake:2)
  A boulder beetle (D:13)
  A hydra (D:12)
  5 anacondas
  A demonspawn (Orc:2)
  2 centaur warriors
  Erica (D:9)
  A two-headed ogre (D:11)
  8 orc high priests (Orc:2)
  A death yak (Lair:3)
  6 naga sharpshooters
  A shock serpent (Snake:2)
  A goliath frog (Lair:6)
  2 skeletal warriors
  A naga ritualist (Snake:1)
  An orc knight (Orc:2)
  2 mana vipers (Snake:2)
  5 deep elf pyromancers
  4 orc sorcerers (Orc:2)
  2 cyclopes
  6 ugly things
  2 manticores (D:13)
  3 elephants
  2 salamanders
  A rust devil (Orc:2)
  16 black mambas
  4 naga magi (Snake:3)
  2 guardian serpents
  15 cane toads
  An orange demon (Orc:2)
  A kobold demonologist (D:11)
  3 centaur skeletons (D:10)
  5 komodo dragons
  2 unseen horrors (D:11)
  3 rime drakes
  2 freezing wraiths
  A red devil (Orc:2)
  3 trolls
  2 merfolk
  2 polar bears
  2 tyrant leeches (Lair:6)
  6 slime creatures
  15 blink frogs
  A dream sheep (Lair:5)
  A shadow (D:10)
  A water elemental (D:11)
  A flying skull (D:10)
  A wyvern (D:8)
  2 hogs (D:13)
  23 yaks
  6 wraiths
  5 basilisks
  6 vampire mosquitoes
  A swamp worm (D:9)
  A warg (Orc:2)
  An acid dragon (D:11)
  9 water moccasins
  10 nagas
  19 orc warriors
  2 ogres (Orc:2)
  6 wolves
  2 centaurs (D:15)
  10 bullfrogs
  A wyvern zombie (D:8)
  3 killer bees (D:11)
  2 wights
  An electric eel (Lair:3)
  3 howler monkeys
  4 centaur zombies
  3 hounds
  A jelly (D:14)
  9 orc priests
  8 orc wizards
  A hound skeleton (D:5)
  17 orcs
  A bat (D:7)
  A bush (Snake:2)
313 creatures vanquished.

Vanquished Creatures (others)
  A human (D:13)
  5 ancestors (D:7)
  43 battlemagi
  30 fungi
  101 plants
  5 withered plants
185 creatures vanquished.

Grand Total: 1042 creatures vanquished

Notes
Turn   | Place    | Note
-------+----------+-------------------------------------------
     0 | D:1      | dolemite99 the Minotaur Fighter began the quest for the
                  | Orb.
     0 | D:1      | Reached XP level 1. HP: 19/19 MP: 0/0
   264 | D:1      | Reached skill level 3 in Axes
   278 | D:1      | Reached XP level 2. HP: 20/26 MP: 1/1
   680 | D:1      | Found a faded altar of an unknown god.
   689 | D:1      | Prayed at the altar of an unknown god.
   689 | D:1      | Became a worshipper of Zin the Law-Giver
   689 | D:1      | Reached * piety under Zin
   715 | D:1      | Reached skill level 4 in Axes
   952 | D:2      | Reached XP level 3. HP: 25/31 MP: 2/2
   961 | D:2      | You are sucked into a shaft and drop 2 floors!
  1359 | D:3      | Reached skill level 5 in Axes
  1359 | D:3      | Reached XP level 4. HP: 34/39 MP: 3/3
  1490 | D:3      | Reached ** piety under Zin
  1515 | D:3      | Reached skill level 6 in Axes
  1515 | D:3      | Reached XP level 5. HP: 39/45 MP: 4/4
  1580 | D:2      | Noticed Jessica
  1591 | D:2      | Killed Jessica
  1723 | D:2      | Reached skill level 7 in Axes
  2575 | D:4      | Reached *** piety under Zin
  2608 | D:4      | Reached XP level 6. HP: 49/51 MP: 5/5
  2706 | D:4      | Found a hide-covered altar of Uskayaw.
  2889 | D:4      | Found a hazy altar of Hepliaklqana.
  2893 | D:4      | Fell from the grace of Zin
  2893 | D:4      | Became a worshipper of Hepliaklqana the Forgotten
  2980 | D:4      | Found a burning altar of Makhleb.
  2985 | D:4      | Reached skill level 8 in Axes
  3220 | D:5      | Entered Level 5 of the Dungeon
  3228 | D:5      | Noticed an ice beast
  3248 | D:5      | Killed an ice beast
  3249 | D:5      | Reached skill level 9 in Axes
  3267 | D:5      | Reached XP level 7. HP: 43/57 MP: 6/6
  3391 | D:5      | Found a shimmering blue altar of Sif Muna.
  3473 | D:5      | Found a staircase to the Ecumenical Temple.
  3490 | D:5      | Reached skill level 10 in Axes
  3778 | D:5      | Reached skill level 11 in Axes
  4093 | D:5      | Reached XP level 8. HP: 49/64 MP: 7/7
  4223 | Temple   | Entered the Ecumenical Temple
  4736 | D:5      | Reached skill level 12 in Axes
  5057 | D:5      | Found a basalt altar of Yredelemnul.
  5342 | D:5      | Reached skill level 13 in Axes
  5925 | D:6      | Reached skill level 1 in Bows
  6163 | D:6      | Found Asuunyry's Antique Armour Shop.
  6221 | D:6      | Reached XP level 9. HP: 58/71 MP: 8/8
  6499 | D:6      | Reached skill level 5 in Fighting
  6499 | D:6      | Reached skill level 5 in Armour
  6858 | D:6      | Reached * piety under Hepliaklqana
  8316 | D:7      | Found a sacrificial altar of Ru.
  9332 | D:7      | Reached ** piety under Hepliaklqana
  9340 | D:7      | Remembered your ancestor Henutemipet as a battlemage
  9432 | D:8      | Reached skill level 5 in Bows
  9764 | D:8      | Found an ancient bone altar of Kikubaaqudgha.
  9834 | D:8      | Reached XP level 10. HP: 29/77 MP: 9/9
 10764 | D:8      | Noticed a two-headed ogre
 10780 | D:8      | Killed a two-headed ogre
 11361 | D:9      | Noticed Erica
 11370 | D:9      | Killed Erica
 11754 | D:9      | Identified the +1 helmet "Qunearr" {rN+ Int+3}
 12449 | D:10     | Entered Level 10 of the Dungeon
 12449 | D:10     | Noticed a gargoyle
 12456 | D:10     | Killed a gargoyle
 12578 | D:10     | Reached XP level 11. HP: 80/84 MP: 10/10
 12601 | D:10     | Noticed a two-headed ogre
 12616 | D:10     | Killed a two-headed ogre
 12617 | D:10     | Reached skill level 10 in Maces & Flails
 12962 | D:10     | Noticed Psyche
 12972 | D:10     | Killed Psyche
 13029 | D:10     | Reached *** piety under Hepliaklqana
 13045 | D:10     | Found a staircase to the Orcish Mines.
 13432 | D:10     | Noticed Maggie
 13442 | D:10     | Killed Maggie
 13472 | D:10     | Noticed a skeletal warrior
 13794 | D:9      | Killed a skeletal warrior
 14553 | D:10     | Reached skill level 10 in Armour
 14560 | D:10     | Reached skill level 10 in Fighting
 14711 | D:10     | Reached XP level 12. HP: 59/96 MP: 11/11
 15244 | D:11     | Found a staircase to the Lair.
 16261 | D:11     | Noticed a two-headed ogre
 16269 | D:11     | Killed a two-headed ogre
 16370 | Lair:1   | Entered Level 1 of the Lair of Beasts
 17671 | Lair:1   | Reached XP level 13. HP: 102/109 MP: 12/12
 18235 | Lair:2   | Reached skill level 1 in Evocations
 18666 | Lair:2   | Reached **** piety under Hepliaklqana
 19853 | Lair:3   | Reached skill level 5 in Invocations
 20173 | Lair:3   | Reached ***** piety under Hepliaklqana
 20298 | Lair:3   | Found a staircase to the Shoals.
 21252 | Lair:4   | Reached skill level 5 in Evocations
 21735 | Lair:4   | Found a staircase to the Snake Pit.
 22391 | Lair:5   | Reached skill level 1 in Dodging
 22391 | Lair:5   | Reached XP level 14. HP: 93/116 MP: 18/18
 23255 | Lair:5   | Reached skill level 5 in Dodging
 23891 | Lair:6   | Entered Level 6 of the Lair of Beasts
 24859 | Lair:6   | Found a staircase to the Slime Pits.
 25327 | Lair:6   | Reached skill level 10 in Dodging
 27694 | D:11     | Identified the +2 helmet of the Shore {rC+}
 27696 | D:11     | Got the Volume of Toxins
 27852 | D:10     | Upgraded the game from 0.28-a0-779-g3d1f99b579 to
                  | 0.28-a0-793-g31680bbd8b
 27937 | Orc:1    | Entered Level 1 of the Orcish Mines
 28087 | Orc:2    | Entered Level 2 of the Orcish Mines
 28275 | Orc:2    | Noticed Saint Roka
 28343 | Orc:2    | Killed Saint Roka
 28344 | Orc:2    | Reached XP level 15. HP: 54/122 MP: 15/19
 28878 | Orc:2    | Found Hoypol's Firing Range.
 28941 | Orc:2    | Noticed Maurice
 28949 | Orc:2    | Killed Maurice
 29363 | Orc:2    | Found a staircase to the Elven Halls.
 30313 | Orc:2    | Reached skill level 10 in Bows
 30401 | Orc:2    | Found Imax's Magic Scroll Shop.
 30407 | Orc:2    | Found Plog's General Store.
 30434 | Orc:2    | Noticed Josephine
 30442 | Orc:2    | Killed Josephine
 30675 | Orc:2    | Bought a scroll of teleportation for 48 gold pieces
 31279 | Orc:2    | Found Onwasuwn's Jewellery Shoppe.
 31279 | Orc:2    | Found Lema's Antique Armour Emporium.
 31285 | Orc:2    | Found a one-way gate leading to the halls of Pandemonium.
 31294 | Orc:2    | Bought a ring of protection from fire for 350 gold pieces
 31294 | Orc:2    | Bought a ring of poison resistance for 280 gold pieces
 32992 | D:13     | Found Ycseabin's Assorted Antiques.
 33052 | D:13     | Bought a scroll of teleportation for 69 gold pieces
 33052 | D:13     | Bought a potion of heal wounds for 115 gold pieces
 33549 | D:13     | Found a gate to the Vaults.
 33698 | D:13     | Noticed Kirke
 33706 | D:13     | Killed Kirke
 33797 | D:13     | Noticed Urug
 33806 | D:13     | Killed Urug
 34864 | D:13     | Bought a scroll of enchant weapon for 172 gold pieces
 35022 | Orc:2    | Bought a scroll of enchant weapon for 120 gold pieces
 35022 | Orc:2    | Bought a wand of iceblast (9) for 208 gold pieces
 35026 | Orc:2    | Bought a scroll of holy word for 90 gold pieces
 35026 | Orc:2    | Bought a scroll of identify for 24 gold pieces
 35026 | Orc:2    | Bought a scroll of identify for 24 gold pieces
 35026 | Orc:2    | Bought a scroll of identify for 24 gold pieces
 35182 | D:13     | Bought a scroll of identify for 46 gold pieces
 35244 | D:14     | Reached XP level 16. HP: 128/131 MP: 17/21
 35341 | D:14     | Reached skill level 14 in Axes
 35753 | D:14     | Found a viscous altar of Jiyva.
 35824 | D:14     | Identified a scroll of acquirement
 35824 | D:14     | Acquired the +1 pair of gloves of Starshine {rF+ Regen+
                  | Int+2}
 35998 | D:15     | Entered Level 15 of the Dungeon
 35999 | D:15     | Found Jysog's Distillery.
 36004 | D:15     | Bought 2 potions of curing for 108 gold pieces
 36004 | D:15     | Bought a potion of heal wounds for 90 gold pieces
 36004 | D:15     | Bought a potion of haste for 180 gold pieces
 36004 | D:15     | Bought a potion of curing for 54 gold pieces
 36186 | D:15     | Found Tohosm's Antique Armour Emporium.
 36203 | D:15     | Found Ohyofru's Distillery.
 36220 | D:15     | Found a staircase to the Depths.
 36484 | D:15     | Found Tunloin's Distillery.
 36810 | D:15     | Found Wutriepu's Assorted Antiques.
 37014 | Snake:1  | Entered Level 1 of the Snake Pit
 37024 | Snake:1  | Reached skill level 15 in Axes
 37321 | Snake:1  | Noticed Rupert
 37325 | Snake:1  | Killed Rupert
 37628 | Snake:1  | Found Siryzxum's Jewellery Boutique.
 38097 | Snake:1  | Reached skill level 16 in Axes
 38513 | Snake:2  | Noticed Vashnia
 38553 | Snake:2  | Killed Vashnia
 38560 | Snake:2  | Reached skill level 17 in Axes
 38651 | Snake:2  | Found Piotuafu's Book Boutique.
 38651 | Snake:2  | Found Vainaafu's Jewellery Shoppe.
 38653 | Snake:2  | Found Bujop's Jewellery Shoppe.
 38881 | Snake:2  | Reached skill level 18 in Axes
 39090 | Snake:2  | Reached XP level 17. HP: 136/136 MP: 18/23
 39458 | Snake:3  | Reached skill level 10 in Invocations
 39905 | Snake:3  | Reached skill level 15 in Armour
 39911 | Snake:3  | HP: 5/136 [naga warrior (33)]
 39911 | Snake:3  | Constricted to death by a naga warrior

Illustrated notes

Levels and vault maps discovered:
D:1:      minmay_arrival_solitary_statue, layout_loops_ring,
          shapermc_ecumenical_altar_starsandcircs
D:2:      layout_rooms, serial_glass, glass_columns_b, glass_columns_c,
          glass_columns_b, glass_columns_c, glass_columns_a, glass_columns_c,
          uniq_jessica
D:3:      layout_rooms, serial_undead, serial_undead_d, serial_undead_b,
          serial_undead_b, serial_undead_d, kennysheep_generic_room_15
D:4:      layout_loops_ring, makhleb_blood_cavern_becter,
          mainiacjoe_overflow_surrounded_room, nicolae_hepliaklqana_hippocampus
D:5:      layout_loops_ring, lemuel_mausoleum_altar_yredelemnul,
          mainiacjoe_overflow_concentric_impassable, minmay_temple_entry_tees,
          chequers_mini_garden, kennysheep_doodads, minmay_holes
D:6:      layout_basic, serial_shops, nicolae_shop_waterfront
D:7:      layout_loops_corners, nicolae_ru_great_annihilating_truth,
          enter_bailey_4, hex_large
D:8:      layout_basic, kiku_gazebo_garden_becter
D:9:      layout_loops_ring, hex_medium, worms_lemuel, uniq_erica
D:10:     hangedman_screamer, layout_basic, orc_0_dummy, minivault_10,
          uniq_maggie, uniq_psyche
D:11:     minmay_the_grid_square_5x5_3x3 [minmay_the_grid_square_5x5_empty,
          minmay_the_grid_square_5x5_eight_small,
          minmay_the_grid_square_5x5_six_small,
          minmay_the_grid_square_5x5_n_small,
          minmay_the_grid_square_5x5_megaprize_open,
          minmay_the_grid_square_5x5_two,
          minmay_the_grid_square_5x5_half_checkered,
          minmay_the_grid_square_5x5_z, minmay_the_grid_square_5x5_shuriken],
          layout_loops_ring, erik_lair_island, nicolae_looking_at_the_future
D:12:     layout_loops_ring
D:13:     layout_stronghold, skrybe_vaults_entry_preservation, serial_shops,
          nicolae_shop_statue_plus, uniq_urug, uniq_kirke
D:14:     layout_roguey, minmay_misc_feat_rows, jiyva_altar_1
D:15:     hangedman_depths_entry_try_elsewhere_first, layout_cave_pools,
          serial_shops, nicolae_diamond_shop, nicolae_shop_crystal, shop, shop,
          shop, serial_park_tiny_2
Temple:   regret_index_temple_generic_petals
Lair:1:   layout_small_grid
Lair:2:   layout_concentric_octagons, hibernation_bobbens
Lair:3:   layout_long_grid, elwin_shoals_entry_rooms, serial_rivers,
          chequers_serial_rivers_small_a, chequers_serial_rivers_large_b,
          chequers_serial_rivers_room_a, chequers_serial_rivers_micro_e,
          minivault_27, serial_bayou_shore_a
Lair:4:   layout_regular_city, minmay_snake_entry_guardpost_medium,
          infiniplex_staircase_pool, grunt_megastairs_2
Lair:5:   layout_regular_city, beast_lair_carwin_8, lemuel_fruit_fields
Lair:6:   minmay_lair_end_frog_pond, layout_regular_city, slime_dummy
Snake:1:  layout_gridlike, serial_shops, shop, lemuel_fruit_tree, uniq_rupert
Snake:2:  layout_rooms, grunt_megastairs_5, minmay_shop_grove, uniq_vashnia
Snake:3:  layout_layer_cave, grunt_ministairs_15, serial_bayou_pond_d,
          grunt_megastairs_4
Orc:1:    layout_diamond_mine
Orc:2:    pf_orc_diabolical, layout_caves, gauntlet_entry_generic,
          nicolae_shop_firing_range, uniq_saint_roka, uniq_josephine,
          uniq_maurice

Skill      XL: |  1  2  3  4  5  6  7  8  9 10 11 12 13 14 15 16 17 |
---------------+----------------------------------------------------+-----
Axes           | 3 4 5 6 7 9 11 13 18 | 18.6
Fighting       | 4 7 10 13 14 | 14.0
Bows           | 1 5 6 7 8 13 | 13.5
Armour         | 4 7 8 10 13 14 15 | 15.0
Maces & Flails | 9 11 | 11.7
Evocations     | 6 |  6.4
Invocations    | 7 9 10 | 10.7
Dodging        | 1 12 | 12.1
Shields        | |  3.6

Action                   |  1- 3 |  4- 6 |  7- 9 | 10-12 | 13-15 | 16-18 || total
-------------------------+-------+-------+-------+-------+-------+-------++-------
Melee: War axe           |    67 |    50 |    23 |    38 |       |       ||   178
       Headbutt          |     9 |    19 |    31 |    49 |    84 |    42 ||   234
       Hand axe          |       |    88 |   184 |       |       |       ||   272
       Dire flail        |       |       |       |   204 |   304 |    25 ||   533
       Battleaxe         |       |       |       |       |       |   187 ||   187
 Fire: Shortbow          |       |       |   211 |   276 |  1021 |    95 ||  1603
       Longbow           |       |       |       |       |       |   268 ||   268
Throw: Stone             |       |    21 |     4 |     6 |    17 |       ||    48
Invok: Ancestor Life: Ba |       |       |     1 |       |       |       ||     1
       Recall Ancestor   |       |       |       |     3 |     4 |     2 ||     9
       Idealise          |       |       |       |       |    12 |     6 ||    18
Evoke: Wand              |       |       |       |     4 |    45 |     4 ||    53
       Lightning rod     |       |       |       |       |    14 |     5 ||    19
  Use: Potion            |       |       |     2 |     4 |     4 |     1 ||    11
       Scroll            |       |       |    11 |    10 |    20 |     4 ||    45
 Stab: Distracted        |       |       |     1 |     3 |     2 |     3 ||     9
       Paralysed         |       |       |       |       |     5 |       ||     5
Armor: Scale mail        |    28 |    61 |     3 |       |       |       ||    92
       Chain mail        |       |       |   113 |    17 |       |       ||   130
       Plate armour      |       |       |       |   196 |   247 |    43 ||   486
       Gold dragon scale |       |       |       |       |       |   215 ||   215
Dodge: Dodged            |    27 |    51 |    96 |   107 |   230 |   173 ||   684
Block: Buckler           |    17 |    24 |     7 |       |       |       ||    48

Table legend: (Time is in decaauts)
 A = Elapsed time spent in this place.
 B = Non-inter-level travel time spent in this place.
 C = Inter-level travel time spent in this place.
 D = Time resting spent in this place.
 E = Time spent auto-exploring this place.
 F = Levels seen in this place.
 G = Mean time per level.
                   A        B        C        D        E       F      G
               +--------+--------+--------+--------+--------+-----+--------+
         Total |  39335 |  37237 |   2098 |  12018 |  17798 |  27 | 1456.9 |
       Dungeon |  23531 |  22085 |   1446 |   8441 |   9659 |  15 | 1568.7 |
        Temple |    200 |    175 |     25 |      0 |    171 |   1 |  200.0 |
          Lair |   9100 |   8799 |    301 |   1733 |   5366 |   6 | 1516.7 |
     Snake Pit |   2859 |   2794 |     65 |    403 |   1552 |   3 |  953.0 |
  Orcish Mines |   3643 |   3383 |    260 |   1441 |   1050 |   2 | 1821.5 |
               +--------+--------+--------+--------+--------+-----+--------+

Top non-repeatable levels by time:
    D:11: 3804 daAuts
   Orc:2: 3343 daAuts
     D:5: 2422 daAuts
    D:10: 2070 daAuts
  Lair:6: 2060 daAuts
     D:9: 2053 daAuts
     D:6: 1946 daAuts
     D:8: 1731 daAuts
  Lair:3: 1616 daAuts
    D:13: 1610 daAuts
     D:7: 1581 daAuts
  Lair:5: 1535 daAuts
  Lair:4: 1493 daAuts
    D:12: 1422 daAuts
 Snake:1: 1394 daAuts
